 Dungeon Crawl Stone Soup version 0.28.0-53-g5a82cb258f (webtiles) character file.

Game seed: 4651767177335834034

70135 Infinimo the Shatterer (level 14, -4/136 HPs)
             Began as a Minotaur Fighter on May 31, 2022.
             Was the Champion of Okawaru.
             Slain by a deep troll (16 damage)
             ... on level 2 of the Orcish Mines.
             The game lasted 00:24:58 (26747 turns).

Infinimo the Shatterer (Minotaur Fighter)          Turns: 26747, Time: 00:24:59

Health: -4/136     AC: 20    Str: 24    XL:     14   Next: 93%
Magic:  13/13      EV: 11    Int: 11    God:    Okawaru [******]
Gold:   1297       SH:  6    Dex: 12    Spells: 13/13 levels left

rFire   . . .      SeeInvis +   Q - +11 morningstar "Raehegy" {vorpal, rPois Int+2 SInv}
rCold   + . .      Faith    .   c - +0 buckler
rNeg    . . .      Spirit   .   G - +1 plate armour
rPois   +          Reflect  .   K - +1 hat "Oziacept" {Fly rC+ Int+4}
rElec   .          Harm     .   (no cloak)
rCorr   .          Rampage  .   (no gloves)
Will    +....                   v - +0 pair of boots
Stlth   ..........              (no amulet)
HPRegen 0.32/turn               q - +4 ring of evasion
MPRegen 0.13/turn               z - ring of poison resistance

@: flying, hasted, very quick
A: horns 2, retaliatory headbutt
a: Renounce Religion, Heroism, Finesse, Duel


You were on level 2 of the Orcish Mines.
You worshipped Okawaru.
Okawaru was exalted by your worship.
You visited 4 branches of the dungeon, and saw 20 of its levels.
You also visited: Ossuary.

You collected 1297 gold pieces.

Inventory:

Hand Weapons
 L - a +5 demon whip of venom
 Q - the +11 morningstar "Raehegy" (weapon) {vorpal, rPois Int+2 SInv}
   (Okawaru gifted it to you on level 5 of the Lair of Beasts)

   It inflicts extra damage upon your enemies.
   Int:       It affects your intelligence (+2).
   rPois:     It protects you from poison.
   SInv:      It lets you see invisible.
Missiles
 a - 7 poisoned darts (quivered)
 j - 3 throwing nets
Armour
 c - a +0 buckler (worn)
 v - a +0 pair of boots (worn)
 G - a +1 plate armour (worn)
 K - the +1 hat "Oziacept" (worn) {Fly rC+ Int+4}
   (Okawaru gifted it to you on level 1 of the Lair of Beasts)

   Int:       It affects your intelligence (+4).
   rC:        It protects you from cold.
   Fly:       It grants you flight.
Jewellery
 h - the ring "Limonn" {Will+ Int+3}
   (You found it on level 6 of the Lair of Beasts)

   [ring of willpower]

   Int:       It affects your intelligence (+3).
   Will:      It increases your willpower.
 l - the ring "Fiashruh" {rF+ rCorr MP+9}
   (You found it on level 6 of the Lair of Beasts)

   [ring of magical power]

   rF:        It protects you from fire.
   MP:        It affects your magic capacity (+9).
   rCorr:     It protects you from acid and corrosion.
 q - a +4 ring of evasion (left hand)
 z - a ring of poison resistance (right hand)
Wands
 m - a wand of flame (51)
 o - a wand of iceblast (35)
 B - a wand of polymorph (42)
 D - a wand of mindburst (6)
Scrolls
 d - a scroll of fog
 e - a scroll of enchant weapon {unknown}
 s - 4 scrolls of vulnerability
 x - 6 scrolls of immolation
 y - 8 scrolls of identify
 A - 3 scrolls of teleportation
 C - 3 scrolls of amnesia
 E - 5 scrolls of blinking
 N - 2 scrolls of fear
Potions
 b - 2 potions of haste
 f - 7 potions of curing
 g - 3 potions of magic
 i - 13 potions of heal wounds
 k - a potion of might
 p - 2 potions of ambrosia
 r - 2 potions of cancellation
 t - 4 potions of brilliance
 u - 2 potions of invisibility
 w - 2 potions of mutation
 F - 3 potions of flight
 H - 2 potions of attraction
 J - 3 potions of lignification
 M - 3 potions of degeneration
 O - a potion of resistance


   Skills:
 + Level 15.7 Fighting
 * Level 21.2 Maces & Flails
 + Level 15.7 Armour
 - Level 10.3 Shields


You had 13 spell levels left.
You didn't know any spells.
Your spell library contained the following spells:

 Spells                   Type           Power      Damage    Failure   Level
 Freeze                   Ice            0%         1d3       97%         1
 Sandblast                Erth           0%         2d4       97%         1
 Blink                    Tloc           0%         N/A       99%         2
 Corpse Rot               Necr/Air       0%         N/A       99%         2
 Passwall                 Tmut/Erth      0%         N/A       99%         2
 Confusing Touch          Hex            0%         N/A       100%        3
 Frozen Ramparts          Ice            0%         1d2       100%        3
 Stone Arrow              Conj/Erth      0%         3d7       100%        3
 Dispel Undead            Necr           0%         3d6       100%        4
 Hailstorm                Conj/Ice       0%         3d3       100%        4
 Leda's Liquefaction      Hex/Erth       0%         N/A       100%        4
 Lee's Rapid Deconstruct  Erth           0%         3d5*      100%        5
 Manifold Assault         Tloc           0%         N/A       100%        5
 Yara's Violent Unravell  Hex/Tmut       0%         3d3       100%        5
 Statue Form              Tmut/Erth      0%         N/A       100%        6
 Enfeeble                 Hex            0%         N/A       100%        7
 Storm Form               Tmut/Air       0%         N/A       100%        7
 Summon Small Mammal      Summ           Unusable   N/A       N/A         1
 Call Canine Familiar     Summ           Unusable   N/A       N/A         3
 Summon Guardian Golem    Hex/Summ       Unusable   N/A       N/A         3
 Death Channel            Necr           Unusable   N/A       N/A         6

Dungeon Overview and Level Annotations

Branches:
Dungeon (11/15)            Temple (1/1) D:5            Lair (6/6) D:11
 Shoals (0/4) Lair:4        Snake (0/4) Lair:3        Slime (0/5) Lair:5
    Orc (2/2) D:11        Ossuary (visited)
    Elf: Orc:2

Altars:
Ashenzari
Cheibriados
Dithmenos
Elyvilon
Fedhas
Gozag
Hepliaklqana
Kikubaaqudgha
Makhleb
Nemelex Xobeh
Okawaru
Qazlal
Ru
Sif Muna
Trog
Uskayaw
Vehumet
Wu Jian
Xom
Yredelemnul
Zin
The Shining One
Lugonu

Shops:
D:5 [   Orc:2 *

Portals:
Abyss: Lair:6

Annotations:
D:4 1 runed translucent door, Crazy Yiuf
D:5 1 runed translucent door, H0rd4k's ghost, amateur HuAr
D:7 1 runed translucent door


Innate Abilities, Weirdness & Mutations

You have a pair of horns on your head.
You reflexively headbutt those who attack you in melee.


Message History

You bludgeon the deep troll!! You headbutt the deep troll.
The deep troll is severely wounded.
You hear two shouts!
The deep troll barely misses you. You furiously retaliate!
You headbutt the deep troll!
The deep troll claws you but does no damage. x2
An ogre comes into view. It is wielding a +0 giant club.
You closely miss the deep troll.
The deep troll is almost dead.
The deep troll bites you!!
The deep troll claws you but does no damage.
You block the deep troll's attack.
You are too injured to fight recklessly!
You are too injured to fight recklessly!
You are too injured to fight recklessly!
You thump the deep troll!
You kill the deep troll!
Okawaru accepts your kill.
The ogre mage hits you but does no damage.
You impale the deep troll!!
The deep troll is heavily wounded.
The deep troll bites you! The deep troll claws you!
The deep troll barely misses you.
You closely miss the deep troll.
You headbutt the deep troll, but do no damage.
The deep troll is heavily wounded.
You block the ogre mage's attack.
You barely miss the deep troll.
The deep troll is heavily wounded.
The deep troll bites you but does no damage.
The deep troll barely misses you. The deep troll closely misses you.
The ogre hits you with a +0 giant spiked club!!
* * * LOW HITPOINT WARNING * * *
The ogre mage hits you from afar with a +0 spear!
* * * LOW HITPOINT WARNING * * *
Unknown command.
The ogre mage gestures at the ogre while chanting.
The ogre seems to speed up.
You feel yourself speed up. The deep troll bites you!
You die...

.##....##..##
............##
.............#
.....#.......##
....#.........####
.................##
..................#
.............#....#
............##.#@##
............#).T##
.......#.#.##
.......TO##
....##.## #.#


#TO # .OOO ..OO. ......O You could see 2 two-headed ogres, an ogre mage
(invisible), a deep troll, 2 trolls and 2 ogres.

Vanquished Creatures
  Snorg (Lair:4)
  Fannar (D:10)
  A boulder beetle (Lair:5)
  Harold (D:8)
  10 hydras
  An ogre mage (Orc:2)
  3 two-headed ogres
  9 death yaks
  Urug (Lair:4)
  3 thrashing horrors (Lair:6)
  A deep troll (Orc:2)
  A lindwurm (Lair:5)
  3 manticores
  An ugly thing (Lair:6)
  3 oklob plants
  6 black mambas
  Joseph (D:8)
  3 elephants (Lair:5)
  2 smoke demons (Lair:6)
  15 cane toads
  4 rime drakes
  An unseen horror (shapeshifter) (Lair:6)
  11 komodo dragons
  A kobold demonologist (D:11)
  An ancient zyme (Lair:6)
  2 trolls
  A hornet (D:10)
  3 polar bears
  30 blink frogs
  2 large abominations (Lair:6)
  A wind drake (Lair:4)
  6 dream sheep (Lair:5)
  A spriggan (Lair:6)
  2 wraiths
  2 ynoxinuls (Lair:6)
  11 basilisks
  5 wyverns
  Eustachio (D:5)
  80 yaks
  2 chaos spawn (Lair:6)
  A warg (D:11)
  Menkaure (D:6)
  3 acid dragons
  Edmund (D:5)
  13 water moccasins
  5 orc warriors
  3 sky beasts
  3 ice beasts
  A necrophage (D:8)
  14 small abominations (Lair:6)
  2 black bears
  3 centaurs
  8 ogres
  A phantom (D:6)
  A kobold brigand (D:7)
  Blork the orc (D:5)
  5 bullfrogs
  7 scorpions (D:7)
  2 elf skeletons (D:7)
  A wyvern zombie (D:7)
  A water moccasin skeleton (D:6)
  A wyvern skeleton (D:7)
  17 killer bees
  6 wights
  2 centaur zombies
  A hound (D:5)
  6 jellies
  A bullfrog skeleton (D:6)
  8 orc priests
  2 human skeletons (D:7)
  Ijyb (D:4)
  Terence (D:2)
  2 iguanas
  Natasha (thrice) (D:3)
  4 mummies (Ossuary)
  9 adders
  2 white imps
  2 adder zombies (Ossuary)
  An adder skeleton (D:4)
  3 worms
  A dart slug (D:1)
  21 orcs
  2 bats
  11 endoplasms
  9 giant cockroaches
  2 gnoll zombies (Ossuary)
  5 goblins
  12 hobgoblins
  6 jackals
  7 kobolds
  4 quokkas
  6 ball pythons
  7 frilled lizards
  2 goblin zombies (Ossuary)
  A hobgoblin zombie (Ossuary)
  A jackal zombie (Ossuary)
  2 kobold zombies (Ossuary)
  An orc skeleton (D:7)
  2 orc zombies
  4 rats
  A rat zombie (Ossuary)
  A bush (Lair:1)
491 creatures vanquished.

Vanquished Creatures (others)
  13 fungi
  19 plants
32 creatures vanquished.

Grand Total: 523 creatures vanquished

Notes
Turn   | Place    | Note
-------+----------+-------------------------------------------
     0 | D:1      | Infinimo the Minotaur Fighter began the quest for the Orb.
     0 | D:1      | Reached XP level 1. HP: 19/19 MP: 0/0
   203 | D:1      | Reached XP level 2. HP: 24/27 MP: 1/1
   313 | D:1      | Reached skill level 3 in Maces & Flails
   645 | D:1      | Reached XP level 3. HP: 32/33 MP: 2/2
  1413 | D:2      | Noticed Terence
  1421 | D:2      | Killed Terence
  1422 | D:2      | Reached XP level 4. HP: 32/40 MP: 3/3
  1502 | D:2      | Reached skill level 4 in Maces & Flails
  2315 | D:3      | Noticed Natasha
  2323 | D:3      | Killed Natasha
  2324 | D:3      | Reached XP level 5. HP: 47/47 MP: 4/4
  2494 | D:3      | Noticed Natasha
  2503 | D:3      | Killed Natasha
  2601 | D:3      | Noticed Natasha
  2604 | D:3      | Killed Natasha
  2605 | D:3      | Reached skill level 5 in Maces & Flails
  3008 | D:3      | Found a glowing silver altar of Zin.
  3097 | D:3      | Found a faded altar of an unknown god.
  3097 | D:3      | Noticed a sun demon
  3397 | D:4      | Reached XP level 6. HP: 55/55 MP: 5/5
  3483 | D:4      | Found a runed translucent door.
  3484 | D:4      | Noticed Crazy Yiuf
  3814 | D:4      | Noticed Ijyb
  3839 | D:4      | Killed Ijyb
  3840 | D:4      | Reached skill level 5 in Fighting
  4251 | D:4      | Reached skill level 5 in Armour
  4635 | D:5      | Entered Level 5 of the Dungeon
  4674 | D:5      | Noticed Edmund
  4692 | D:5      | Killed Edmund
  4693 | D:5      | Reached skill level 5 in Shields
  4834 | D:5      | Reached skill level 6 in Maces & Flails
  4834 | D:5      | Reached XP level 7. HP: 26/61 MP: 6/6
  5038 | D:5      | Found a staircase to the Ecumenical Temple.
  5147 | Temple   | Entered the Ecumenical Temple
  5503 | Temple   | Became a worshipper of Warmaster Okawaru
  5551 | D:5      | Noticed Eustachio
  5955 | D:5      | Noticed Blork the orc
  5962 | D:5      | Killed Blork the orc
  5963 | D:5      | Reached skill level 7 in Maces & Flails
  6047 | D:5      | Found a runed translucent door.
  6051 | D:5      | Noticed H0rd4k's ghost (amateur HuAr)
  6204 | D:5      | Found Xicvoewe's Antique Armour Shoppe.
  6293 | D:5      | Killed Eustachio
  6294 | D:5      | Reached XP level 8. HP: 59/70 MP: 7/7
  6481 | D:5      | Reached * piety under Okawaru
  6535 | D:6      | Found a shimmering altar of Xom.
  6560 | D:5      | Reached skill level 8 in Maces & Flails
  6651 | D:5      | Reached ** piety under Okawaru
  6671 | D:5      | Reached skill level 9 in Maces & Flails
  6764 | D:5      | Reached XP level 9. HP: 64/79 MP: 8/8
  7205 | D:6      | Noticed Menkaure
  7210 | D:6      | Killed Menkaure
  7214 | D:6      | Reached skill level 10 in Maces & Flails
  7348 | D:6      | Reached *** piety under Okawaru
  8052 | D:7      | Found a sand-covered staircase.
  8060 | Ossuary  | Entered an ossuary
  8508 | D:7      | Found a runed translucent door.
  8522 | D:7      | Found a runed translucent door.
  9012 | D:7      | Reached skill level 13 in Maces & Flails
  9012 | D:7      | Reached XP level 10. HP: 93/93 MP: 9/9
  9013 | D:7      | Identified a scroll of acquirement
  9013 | D:7      | Acquired a +7 vorpal dire flail
  9033 | D:7      | Reached skill level 10 in Shields
  9034 | D:7      | Reached skill level 10 in Armour
  9037 | D:7      | Reached skill level 10 in Fighting
  9044 | D:7      | Reached **** piety under Okawaru
  9117 | D:8      | Reached XP level 11. HP: 96/99 MP: 10/10
  9136 | D:8      | Noticed Joseph
  9146 | D:8      | Killed Joseph
  9146 | D:8      | Reached ***** piety under Okawaru
  9522 | D:8      | Noticed Harold
  9541 | D:8      | Killed Harold
  9824 | D:8      | Reached skill level 14 in Maces & Flails
 10468 | D:9      | Noticed a two-headed ogre
 10479 | D:9      | Killed a two-headed ogre
 11610 | D:10     | Entered Level 10 of the Dungeon
 11673 | D:10     | Reached skill level 15 in Maces & Flails
 12110 | D:10     | Reached ****** piety under Okawaru
 12387 | D:10     | Noticed Fannar
 12399 | D:10     | Killed Fannar
 13280 | D:10     | Reached XP level 12. HP: 102/108 MP: 11/11
 13338 | D:10     | Noticed a two-headed ogre
 13345 | D:10     | Killed a two-headed ogre
 13752 | D:11     | Found a staircase to the Lair.
 13865 | D:11     | Received a gift from Okawaru
 13911 | D:11     | Reached skill level 16 in Maces & Flails
 14221 | D:11     | Found a bloodstained altar of Trog.
 14298 | D:11     | Found a staircase to the Orcish Mines.
 14696 | Lair:1   | Entered Level 1 of the Lair of Beasts
 14696 | Lair:1   | Noticed a five-headed hydra
 14765 | Lair:1   | Noticed a four-headed hydra
 15021 | D:11     | Killed a five-headed hydra
 15071 | D:11     | Killed a four-headed hydra
 15251 | Lair:1   | Identified the +1 hat "Oziacept" {Fly rC+ Int+4} (Okawaru
                  | gifted it to you on level 1 of the Lair of Beasts)
 15251 | Lair:1   | Received a gift from Okawaru
 16575 | Lair:1   | Reached skill level 17 in Maces & Flails
 17427 | Lair:2   | Noticed a five-headed hydra
 17445 | Lair:2   | Killed a five-headed hydra
 18078 | Lair:2   | Noticed a six-headed hydra
 18084 | Lair:2   | Killed a six-headed hydra
 18165 | Lair:2   | Noticed a seven-headed hydra
 18173 | Lair:2   | Killed a seven-headed hydra
 18174 | Lair:2   | Reached XP level 13. HP: 95/122 MP: 12/12
 18596 | Lair:2   | You are sucked into a shaft and drop 2 floors!
 19031 | Lair:4   | Noticed Urug
 19037 | Lair:4   | Killed Urug
 19066 | Lair:4   | Reached skill level 18 in Maces & Flails
 19068 | Lair:4   | Identified the +2 robe "Eka Jaene" {+Blink Int+3 Slay+6}
                  | (Okawaru gifted it to you on level 4 of the Lair of Beasts)
 19068 | Lair:4   | Received a gift from Okawaru
 19103 | Lair:4   | Noticed Snorg
 19403 | Lair:4   | Killed Snorg
 19873 | Lair:3   | Found a staircase to the Snake Pit.
 20769 | Lair:4   | Found a staircase to the Shoals.
 21288 | Lair:5   | Reached skill level 19 in Maces & Flails
 21665 | Lair:5   | Found a staircase to the Slime Pits.
 21746 | Lair:5   | Found the +0 staff of Battle
 22069 | Lair:5   | Received a gift from Okawaru
 22310 | Lair:6   | Entered Level 6 of the Lair of Beasts
 22418 | Lair:6   | Reached XP level 14. HP: 121/133 MP: 13/13
 23462 | Lair:5   | Identified the +11 morningstar "Raehegy" {vorpal, rPois
                  | Int+2 SInv} (Okawaru gifted it to you on level 5 of the
                  | Lair of Beasts)
 23462 | Lair:5   | Received a gift from Okawaru
 23708 | Lair:5   | Reached skill level 20 in Maces & Flails
 23957 | Lair:6   | Reached skill level 15 in Armour
 23962 | Lair:6   | Reached skill level 15 in Fighting
 24390 | Lair:6   | Received a gift from Okawaru
 24479 | Lair:6   | Identified the +1 robe of Distant Shores {Regen+ rCorr}
 24733 | Lair:6   | Identified the +9 mace "Gicyufaded" {antimagic, rPois rCorr
                  | Int+3}
 24752 | Lair:6   | Identified the ring "Limonn" {Will+ Int+3}
 24755 | Lair:6   | Found the +9 staff of Wucad Mu {*channel}
 24825 | Lair:6   | Identified the ring "Fiashruh" {rF+ rCorr MP+9}
 25093 | Lair:6   | Reached skill level 21 in Maces & Flails
 25268 | Lair:6   | Found a corrupted altar of Lugonu.
 25268 | Lair:6   | Found a one-way gate to the infinite horrors of the Abyss.
 26615 | Orc:1    | Entered Level 1 of the Orcish Mines
 26642 | Orc:2    | Entered Level 2 of the Orcish Mines
 26706 | Orc:2    | Found Etyibaf's Assorted Antiques.
 26747 | Orc:2    | Slain by a deep troll

Illustrated notes

Levels and vault maps discovered:
D:1:      pf_arrival_petrified_forest, layout_basic, hangedman_decor_peaks_small
D:2:      layout_basic, uniq_terence
D:3:      layout_loops_ring, mainiacjoe_overflow_surrounded_room,
          dreamdust_ecumenical_altar_sealed_demon, uniq_natasha
D:4:      layout_basic, uniq_ijyb, uniq_crazy_yiuf_cottage
D:5:      layout_basic, minmay_temple_entry_butterflies, ebering_ghost_sewer_d,
          nicolae_stop_n_shop_2, nicolae_figureground_sparkle,
          uniq_blork_the_orc, uniq_edmund, uniq_eustachio
D:6:      layout_rooms, xom_butterflies, uniq_menkaure
D:7:      lemuel_insect_pit, layout_basic, nicolae_ossuary_entry_catacombs,
          lemuel_flamethrower_2
D:8:      layout_basic, uniq_harold, uniq_joseph
D:9:      layout_irregular_city
D:10:     layout_layer_cave, abandoned_shop, minmay_puff, uniq_fannar
D:11:     layout_loops_cross, lair_entry_dummy, david_orc_1_choice,
          trog_ov_bears_minmay
Temple:   mainiacjoe_temple_cubbyholes
Lair:1:   layout_hall_layers, minmay_lair_oklob_items, beast_lair_carwin_11
Lair:2:   dpeg_oklob_gauntlet, layout_hall_layers
Lair:3:   layout_misc_corridors, dummy_snake_entry
Lair:4:   layout_cave_pods, minmay_shoals_entry_beasts, serial_bayou_pond_d,
          st_stairs_4, chequers_serial_rivers_micro_b, pond, uniq_snorg,
          uniq_urug
Lair:5:   layout_hall_layers, nicolae_slime_entry_slimehenge
Lair:6:   hellmonk_lair_end_abyssal_woods, layout_cellular_growth, st_stairs_7,
          lemuel_fruit_tree, infiniplex_staircase_pool, grunt_megastairs_3
Orc:1:    layout_diamond_mine, serial_shops, gammafunk_ghost_smash
Orc:2:    st_orc_open, layout_caves, nicolae_orc_crystal_geode

Skill      XL: |  1  2  3  4  5  6  7  8  9 10 11 12 13 14 |
---------------+-------------------------------------------+-----
Maces & Flails | 3 4 5 6 7 9 13 15 17 19 21 | 21.2
Fighting       | 4 5 6 7 9 10 11 13 14 15 | 15.7
Armour         | 4 5 6 7 9 10 11 13 14 15 | 15.7
Shields        | 4 5 6 7 9 10 | 10.3

Action                   |  1- 3 |  4- 6 |  7- 9 | 10-12 | 13-15 || total
-------------------------+-------+-------+-------+-------+-------++-------
Melee: Flail             |   104 |   129 |   221 |       |       ||   454
       Headbutt          |    11 |    19 |    46 |    93 |   137 ||   306
       Dire flail        |       |       |       |   434 |   375 ||   809
       Morningstar       |       |       |       |       |   210 ||   210
       Demon whip        |       |       |       |       |    21 ||    21
Throw: Dart              |       |     5 |    12 |       |       ||    17
Evoke: Wand              |       |       |       |       |     4 ||     4
  Use: Scroll            |       |       |    12 |    13 |     5 ||    30
       Potion            |       |       |     1 |     1 |     4 ||     6
Armor: Scale mail        |    37 |    35 |    63 |    11 |       ||   146
       Plate armour      |       |       |       |   171 |   209 ||   380
Dodge: Dodged            |    46 |    53 |   113 |   188 |   198 ||   598
Block: Buckler           |    21 |    34 |    59 |       |    53 ||   167
